 Dungeon Sprint DCSS version 0.18.1-48-g4cf74bf (webtiles) character file.

15900000 Joat the Axe Maniac (level 27, -32/247 (249) HPs)
             Began as a Demonspawn Warper on Sept 7, 2016.
             Was the Champion of Makhleb.
             Killed from afar by a scourge (69 damage)
             ... with a poison arrow
             ... in the Dungeon (Sprint VIII: "Arena of Blood").
             The game lasted 00:12:51 (159 turns).

Joat the Axe Maniac (Demonspawn Warper)              Turns: 159, Time: 00:12:52

HP:   -32/247 (249) AC:  6    Str: 23    XL:     27
MP:   42/54         EV: 35    Int: 15    God:    Makhleb [******]
Gold: 0             SH:  0    Dex: 20    Spells: 1 memorised, 79 levels left

rFire  + . .     SeeInvis +     l - +∞ Axe of Woe
rCold  . . .     Gourm    .     b - +0 leather armour
rNeg   . . .     Faith    .     (shield currently unavailable)
rPois  .         Spirit   .     (helmet unavailable)
rElec  .         Dismiss  .     (no cloak)
rCorr  .         Reflect  .     (no gloves)
SustAt .         Harm     .     (no boots)
MR     ++...     NoTele   +     (no amulet)
Stlth  ++++++++++               o - +130 ring of slaying
                                m - +100 ring of slaying

@: lethally poisoned (-32 -> -32), very slightly contaminated, hasted and
slowed, very resistant to hostile enchantments, uncannily stealthy
A: antennae 3, thin skeletal structure 3, fire resistance 1, hurl damnation,
nightstalker 3, powered by death 3, flame cloud immunity
a: Damnation, Minor Destruction, Lesser Servant of Makhleb, Major Destruction,
Greater Servant of Makhleb, Renounce Religion


You were in the Dungeon.
You worshipped Makhleb.
Makhleb was exalted by your worship.
You were not hungry.

You visited 1 branch

Inventory:

Hand Weapons
 a - a +0 hand axe
 l - the +∞ Axe of Woe (weapon)
   (You found it in the Dungeon)
Missiles
 e - 5 tomahawks of dispersal (quivered)
Armour
 b - a +0 leather armour (worn)
Jewellery
 m - a +100 ring of slaying (left hand)
 n - a +30 ring of slaying
 o - a +130 ring of slaying (right hand)
Scrolls
 d - 2 scrolls of blinking
Potions
 g - a potion of curing
 h - a potion of heal wounds
 j - 2 potions of magic
 k - a potion of berserk rage
Books
 c - a book of Spatial Translocations

   Spells                             Type                      Level
   a - Apportation                    Translocation                1
   b - Blink                          Translocation                2
   c - Shroud of Golubria             Charms/Translocation         2
   d - Portal Projectile              Translocation                3
   e - Teleport Other                 Translocation                3
   f - Passage of Golubria            Translocation                4
Comestibles
 f - a bread ration


   Skills:
 O Level 27 Fighting
 O Level 27 Axes
 O Level 27 Throwing
 O Level 27 Armour
 O Level 27 Dodging
 O Level 27 Stealth
 O Level 27 Unarmed Combat
 O Level 27 Spellcasting
 O Level 27 Translocations
 O Level 27 Invocations


You had 79 spell levels left.
You knew the following spells:

 Your Spells              Type           Power        Failure   Level  Hunger
a - Apportation           Tloc           #######...   0%          1    None


Dungeon Overview and Level Annotations

Branches:
Dungeon (1/1)

Altars:
Makhleb


Innate Abilities, Weirdness & Mutations

You have a pair of large antennae on your head (SInv).
You have an unnaturally thin skeletal structure (Dex +6, Stealth++).
Your flesh is heat resistant.
You can hurl damnation.
You are completely attuned to the shadows.
You regenerate a lot of health from kills.
You are immune to clouds of flame.


Message History

You hear a shout!
The eight-headed meat hydra calls on the powers of darkness!
The eight-headed meat hydra convulses!
The bag of meat convulses!
The scourge convulses!
Your body is wracked with pain!
* * * LOW HITPOINT WARNING * * *
The fleshlord convulses!
You hear a shout! x2
A fleshlord comes into view. It is wielding a +9 great mace.
You cut the tentacled monstrosity into ribbons!!!!
You butcher the tentacled monstrosity messily.
You kill the tentacled monstrosity!
You feel sick.
You hear a shout! x2
The dread throws damnation at you.
The damnation unfurls!
The damnation engulfs you!
* * * LOW HITPOINT WARNING * * *
The scourge throws poison arrow at you. The poison arrow hits you!
You are more poisoned.
You die...

{{{{{%###%......{
{{###)))).%.###...
.{.#)))....#
....#{)§....#
..SW)))))....
.Do.))LXV...
....))§)§.. {
......§§§..
...#@)..... {
p..........
..##.#.... .
...... {... .. {


You could see a tyrant, an eight-headed meat hydra, a destroyer, a scourge, a
fleshlord, a large abomination, a dread and a bag of meat.

Vanquished Creatures
  4 hell knights (D)
  Sigmund (D)
  12 hell beasts (D)
  6 greater mummies (D)
  4 great orbs of eyes (D)
  5 wraiths (D)
  Harold (D)
  16 vampire knights (D)
  39 ogres (D)
  5 liches (D)
  3 hydras (D)
  97 orcs (D)
  9 phantoms (D)
  11 hill giants (D)
  12 skeletal warriors (D)
  2 sea snakes (D)
  6 large abominations (D)
  13 small abominations (D)
  11 crawling corpses (D)
257 creatures vanquished.

Vanquished Creatures (others)
  Edmund (D)
  A hydra (D)
  9 orcs (D)
  A small abomination (D)
  13 crawling corpses (D)
25 creatures vanquished.

Grand Total: 282 creatures vanquished

Notes
Turn   | Place    | Note
--------------------------------------------------------------
     0 | D        | Joat the Demonspawn Warper began the quest for the Orb.
     0 | D        | Reached XP level 1. HP: 16/16 MP: 3/3
     3 | D        | Noticed a bag of meat
     3 | D        | Noticed a bag of meat
     4 | D        | Became a worshipper of Makhleb the Destroyer
     5 | D        | Noticed a bag of meat
     6 | D        | Noticed a bag of meat
     7 | D        | Killed a bag of meat
     7 | D        | Reached skill level 10 in Fighting
     7 | D        | Gained mutation: You are slightly more attuned to the shadows. [demonic ancestry]
     7 | D        | Reached XP level 2. HP: 36/36 MP: 3/14
     7 | D        | Gained mutation: You have a pair of small antennae on your head. [demonic ancestry]
     7 | D        | Reached XP level 3. HP: 42/42 MP: 3/15
     7 | D        | Gained mutation: You regenerate a little health from kills. [demonic ancestry]
     7 | D        | Reached XP level 4. HP: 48/48 MP: 3/17
     7 | D        | Reached XP level 5. HP: 54/54 MP: 3/18
     7 | D        | Gained mutation: You have a pair of antennae on your head. [demonic ancestry]
     7 | D        | Reached XP level 6. HP: 61/61 MP: 3/20
     7 | D        | Reached XP level 7. HP: 67/67 MP: 3/21
     7 | D        | Reached XP level 8. HP: 73/73 MP: 3/23
     7 | D        | Gained mutation: You regenerate health from kills. [demonic ancestry]
     7 | D        | Reached XP level 9. HP: 79/79 MP: 3/24
     7 | D        | Gained mutation: You have a pair of large antennae on your head (SInv). [demonic ancestry]
     7 | D        | Reached XP level 10. HP: 86/86 MP: 3/25
     7 | D        | Reached XP level 11. HP: 92/92 MP: 3/26
     8 | D        | Noticed a bag of meat
     8 | D        | Killed a bag of meat
     8 | D        | Reached * piety under Makhleb
     8 | D        | Gained mutation: You have a somewhat thin skeletal structure (Dex +2, Stealth). [demonic ancestry]
     8 | D        | Reached XP level 12. HP: 82/98 MP: 3/27
     9 | D        | Noticed a meat berserker
     9 | D        | Noticed a bag of meat
    11 | D        | Noticed a meat berserker
    12 | D        | Killed a bag of meat
    12 | D        | Gained mutation: Your flesh is heat resistant. [demonic ancestry]
    12 | D        | Reached XP level 13. HP: 71/104 MP: 4/28
    12 | D        | Killed a bag of meat
    12 | D        | Reached ** piety under Makhleb
    12 | D        | Reached XP level 14. HP: 111/111 MP: 4/29
    12 | D        | Killed a bag of meat
    13 | D        | Noticed a meat berserker
    13 | D        | Killed a meat berserker
    13 | D        | Reached *** piety under Makhleb
    13 | D        | Reached skill level 27 in Axes
    13 | D        | Reached XP level 15. HP: 143/143 MP: 4/30
    15 | D        | Killed a meat berserker
    15 | D        | Reached skill level 27 in Fighting
    15 | D        | Gained mutation: You have a moderately thin skeletal structure (Dex +4, Stealth+). [demonic ancestry]
    15 | D        | Reached XP level 16. HP: 167/167 MP: 4/31
    17 | D        | Killed a meat berserker
    17 | D        | Reached **** piety under Makhleb
    17 | D        | Gained mutation: You are immune to clouds of flame. [demonic ancestry]
    17 | D        | Reached XP level 17. HP: 174/174 MP: 5/32
    20 | D        | Noticed a meat berserker
    20 | D        | Noticed a large bag of meat
    22 | D        | Killed a large bag of meat
    22 | D        | Reached ***** piety under Makhleb
    22 | D        | Reached skill level 15 in Armour
    22 | D        | Gained mutation: You have an unnaturally thin skeletal structure (Dex +6, Stealth++). [demonic ancestry]
    22 | D        | Reached XP level 18. HP: 182/182 MP: 6/33
    22 | D        | Reached skill level 27 in Dodging
    23 | D        | Reached skill level 27 in Armour
    23 | D        | Gained mutation: You can hurl damnation. [demonic ancestry]
    23 | D        | Reached XP level 19. HP: 189/189 MP: 6/34
    24 | D        | Noticed a meat berserker
    24 | D        | Noticed a meat berserker
    24 | D        | Killed a meat berserker
    24 | D        | Reached skill level 10 in Stealth
    24 | D        | Reached ****** piety under Makhleb
    24 | D        | Reached skill level 15 in Spellcasting
    24 | D        | Reached skill level 15 in Invocations
    25 | D        | Noticed a large bag of meat
    26 | D        | Reached skill level 15 in Stealth
    27 | D        | Reached XP level 20. HP: 197/197 MP: 7/42
    29 | D        | Noticed a meat berserker
    29 | D        | Killed a meat berserker
    29 | D        | Killed a meat berserker
    29 | D        | Reached skill level 27 in Invocations
    29 | D        | Reached XP level 21. HP: 204/204 MP: 7/47
    30 | D        | Reached skill level 27 in Translocations
    31 | D        | Noticed a destroyer
    32 | D        | Reached skill level 27 in Stealth
    32 | D        | Reached skill level 27 in Spellcasting
    32 | D        | Reached skill level 10 in Throwing
    32 | D        | Reached skill level 10 in Unarmed Combat
    33 | D        | Reached skill level 15 in Throwing
    33 | D        | Reached skill level 15 in Unarmed Combat
    33 | D        | Gained mutation: You are significantly more attuned to the shadows. [demonic ancestry]
    33 | D        | Reached XP level 22. HP: 212/212 MP: 8/53
    34 | D        | Killed a destroyer
    36 | D        | Reached XP level 23. HP: 219/219 MP: 9/54
    39 | D        | Noticed a destroyer
    39 | D        | Reached skill level 27 in Throwing
    39 | D        | Reached skill level 27 in Unarmed Combat
    41 | D        | Reached XP level 24. HP: 227/227 MP: 10/54
    42 | D        | Killed a destroyer
    43 | D        | Reached XP level 25. HP: 234/234 MP: 10/54
    44 | D        | Noticed The Servant
    45 | D        | Noticed a destroyer
    46 | D        | Noticed a destroyer
    46 | D        | Gained mutation: You are completely attuned to the shadows. [demonic ancestry]
    46 | D        | Reached XP level 26. HP: 242/242 MP: 11/54
    48 | D        | Killed a destroyer
    49 | D        | Gained mutation: You regenerate a lot of health from kills. [demonic ancestry]
    49 | D        | Reached XP level 27. HP: 249/249 MP: 12/54
    50 | D        | Noticed a destroyer
    51 | D        | Killed a destroyer
    53 | D        | Killed The Servant
    53 | D        | Killed a destroyer
    57 | D        | Noticed a tyrant
    60 | D        | Noticed a dread
    61 | D        | Killed a tyrant
    65 | D        | Noticed a meat beast
    66 | D        | Noticed The Captor
    67 | D        | Noticed a destroyer
    67 | D        | Killed a meat beast
    69 | D        | Noticed a dread
    70 | D        | Killed a dread
    71 | D        | Noticed a destroyer
    72 | D        | Killed a destroyer
    73 | D        | Killed The Captor
    75 | D        | Noticed a meat beast
    76 | D        | Noticed a meat beast
    77 | D        | Killed a meat beast
    78 | D        | Killed a meat beast
    78 | D        | Killed a destroyer
    83 | D        | Noticed a tyrant
    85 | D        | Killed a dread
    86 | D        | Noticed a meat beast
    87 | D        | Killed a tyrant
    91 | D        | Killed a meat beast
    94 | D        | Noticed a destroyer
    95 | D        | Noticed a meat beast
    96 | D        | Noticed a meat beast
    96 | D        | Killed a destroyer
    97 | D        | Noticed an accursed
    97 | D        | Noticed a tyrant
    97 | D        | Killed a meat beast
    97 | D        | Killed a meat beast
    97 | D        | Noticed a meat beast
   100 | D        | Killed a meat beast
   101 | D        | Noticed a meat beast
   101 | D        | Noticed a tyrant
   102 | D        | Noticed a destroyer
   105 | D        | Killed a tyrant
   106 | D        | Noticed a destroyer
   108 | D        | Noticed a destroyer
   109 | D        | Killed a destroyer
   110 | D        | Noticed a destroyer
   110 | D        | Killed a tyrant
   111 | D        | Noticed an accursed
   111 | D        | Noticed a dread
   111 | D        | Killed a meat beast
   113 | D        | Killed a destroyer
   114 | D        | Killed a destroyer
   114 | D        | Killed a destroyer
   116 | D        | Killed a dread
   118 | D        | Noticed an accursed
   119 | D        | Noticed a meat beast
   119 | D        | Killed an accursed
   120 | D        | Noticed a meat beast
   121 | D        | Killed a meat beast
   121 | D        | Killed a meat beast
   125 | D        | Noticed a destroyer
   126 | D        | Noticed a dread
   126 | D        | Killed an accursed
   127 | D        | Noticed a fleshlord
   128 | D        | Killed a destroyer
   129 | D        | Noticed a meat beast
   130 | D        | Noticed a destroyer
   131 | D        | Noticed a tyrant
   131 | D        | Noticed a tyrant
   131 | D        | Killed an accursed
   131 | D        | Killed a meat beast
   134 | D        | Noticed an accursed
   134 | D        | Killed a fleshlord
   134 | D        | Killed a destroyer
   135 | D        | Killed a dread
   136 | D        | Noticed an accursed
   136 | D        | Noticed a destroyer
   138 | D        | Noticed a fleshlord
   139 | D        | Noticed a fleshlord
   141 | D        | Killed an accursed
   142 | D        | Noticed an accursed
   142 | D        | Noticed a dread
   143 | D        | Killed a fleshlord
   143 | D        | Killed a destroyer
   143 | D        | Killed a tyrant
   144 | D        | Noticed The Defiler
   144 | D        | Noticed a meat beast
   145 | D        | Killed a fleshlord
   146 | D        | Killed an accursed
   146 | D        | Killed a meat beast
   148 | D        | Killed a dread
   149 | D        | Noticed a fleshlord
   149 | D        | Killed an accursed
   149 | D        | Killed a fleshlord
   153 | D        | Noticed a dread
   153 | D        | Killed The Defiler
   154 | D        | Noticed a destroyer
   156 | D        | Killed a destroyer
   159 | D        | Noticed a fleshlord
   159 | D        | Killed from afar by a scourge

Skill      XL: |  1  2  3  4  5  6  7  8  9 10 11 12 13 14 15 16 17 18 19 20 21 22 23 |
---------------+----------------------------------------------------------------------+-----
Fighting       | 10 20 27 | 27.0
Axes           | 9 18 21 24 27 | 27.0
Throwing       | 3 15 25 27 | 27.0
Armour         | 2 6 12 17 27 | 27.0
Dodging        | 9 13 19 26 27 | 27.0
Spellcasting   | 11 18 22 27 | 27.0
Translocations | 17 19 23 26 27 | 27.0
Stealth        | 16 22 27 | 27.0
Invocations    | 20 27 | 27.0
Unarmed Combat | 15 25 27 | 27.0

Action                   |  1- 3 |  4- 6 |  7- 9 | 10-12 | 13-15 | 16-18 | 19-21 | 22-24 | 25-27 || total
-------------------------+-------+-------+-------+-------+-------+-------+-------+-------+-------++-------
Melee: Executioner's axe |     1 |       |       |     2 |     2 |     4 |    10 |     9 |    86 ||   114
  Use: Potion            |       |       |       |       |       |       |       |       |     1 ||     1
Dodge: Dodged            |     1 |       |       |     2 |     1 |     2 |       |       |    14 ||    20
